 Dungeon Crawl Stone Soup version 0.29.1-13-g9f3cf754e1 (webtiles) character file.

Game seed: 11112543742895920437

19523 sizableburger the Covert (level 12, -4/92 HPs)
             Began as a Demonspawn Brigand on Feb 10, 2023.
             Was a Follower of Uskayaw.
             Slain by a white ugly thing (15 damage)
             ... on level 11 of the Dungeon on Feb 12, 2023.
             The game lasted 00:41:23 (11262 turns).

sizableburger the Covert (Demonspawn Brigand)      Turns: 11262, Time: 00:41:24

Health: -4/92      AC: 14    Str: 12    XL:     12   Next: 37%
Magic:  14/20      EV: 16    Int: 19    God:    Uskayaw [*.....]
Gold:   968        SH:  5    Dex: 27    Spells: 9/14 levels left

rFire   . . .      SeeInvis .   o - +1 short sword (drain)
rCold   . . .      Faith    .   (no shield)
rNeg    . . .      Spirit   .   G - +3 leather armour
rPois   .          Reflect  +   n - +2 hat
rElec   .          Harm     .   m - +1 cloak of Unlag {Dex+2}
rCorr   .          Rampage  .   B - +0 pair of gloves
Will    .....                   (no boots)
Stlth   +++++.....              k - amulet of reflection
HPRegen 0.25/turn               j - +6 ring of intelligence
MPRegen 0.17/turn               q - +6 ring of dexterity

@: no status effects
A: antennae 1, molten scales 2, powered by death 1, spiny 3
a: Renounce Religion, Stomp


You were on level 11 of the Dungeon.
You worshipped Uskayaw.
Uskayaw was aware of your devotion.
You visited 3 branches of the dungeon, and saw 14 of its levels.
You also visited: Bailey.

You collected 968 gold pieces.

Inventory:

Hand Weapons
 a - a +2 dagger
 o - a +1 short sword of draining (weapon)
 K - a +0 vorpal scimitar
Missiles
 d - 40 poisoned darts
 e - 2 curare-tipped darts (quivered)
 h - 9 javelins
 y - a throwing net
Armour
 c - a +1 cloak
 m - the +1 cloak of Unlag (worn) {Dex+2}
   (You found it in a bailey)

   Dex:       It affects your dexterity (+2).
 n - a +2 hat (worn)
 B - a +0 pair of gloves (worn)
 G - a +3 leather armour (worn)
Jewellery
 i - a +6 ring of strength
 j - a +6 ring of intelligence (left hand)
 k - an amulet of reflection (around neck)
 q - a +6 ring of dexterity (right hand)
 D - a ring of resist corrosion
 F - a +6 ring of strength
 J - a ring of wizardry
Wands
 s - a wand of digging (6)
 v - a wand of polymorph (10)
 w - a wand of light (13)
 x - a wand of flame (56)
 N - a wand of mindburst (12)
Scrolls
 l - a scroll of amnesia
 u - 3 scrolls of immolation
 A - 3 scrolls of butterflies
 C - a scroll of magic mapping
 H - a scroll of brand weapon {unknown}
 I - 2 scrolls of enchant armour
 M - a scroll of identify
Potions
 f - 2 potions of attraction
 g - a potion of heal wounds {unknown}
 p - 4 potions of curing
 r - 2 potions of lignification
 t - a potion of ambrosia
 z - 2 potions of mutation
 L - a potion of haste
Miscellaneous
 b - a phantom mirror


   Skills:
 - Level 8.0 Fighting
 + Level 10.3 Short Blades
 - Level 1.7 Throwing
 + Level 5.2 Dodging
 - Level 11.3 Stealth
 - Level 1.7 Spellcasting
 - Level 5.3 Hexes
 - Level 3.0 Ice Magic
 + Level 10.7 Invocations


You had 9 spell levels left.
You knew the following spells:

 Your Spells              Type           Power      Damage    Failure   Level
a - Ensorcelled Hibernat  Hex/Ice        34%        N/A       6%          2
b - Confusing Touch       Hex            21%        N/A       8%          3

Your spell library contained the following spells:

 Spells                   Type           Power      Damage    Failure   Level
 Slow                     Hex            84%        N/A       2%          1
 Spider Form              Tmut/Pois      1%         N/A       54%         3
 Vampiric Draining        Necr           1%         2d6       54%         3
 Anguish                  Hex/Necr       5%         N/A       58%         4
 Metabolic Englaciation   Hex/Ice        8%         N/A       73%         5
 Petrify                  Tmut/Erth      1%         N/A       91%         4
 Dispersal                Tloc           0%         N/A       100%        6
 Statue Form              Tmut/Erth      0%         N/A       100%        6
 Disjunction              Tloc           0%         N/A       100%        8


Dungeon Overview and Level Annotations

Branches:
Dungeon (11/15)            Temple (1/1) D:5            Lair (0/5) D:11
    Orc (2/2) D:10         Bailey (visited)
    Elf: Orc:2

Altars:
Ashenzari
Cheibriados
Fedhas
Gozag
Hepliaklqana
Kikubaaqudgha
Makhleb
Nemelex Xobeh
Okawaru
Qazlal
Ru
Trog
Uskayaw
Vehumet
Wu Jian
Xom

Shops:
D:7 *   D:10 [


Innate Abilities, Weirdness & Mutations

You have a pair of small antennae on your head.
You are mostly covered in molten scales. (AC +3)
You regenerate a little health from kills.
You are completely covered in sharp spines.


Message History

Aiming: Line Pass
Press: ? - help, Dir - move target, f/p - black bear
Aim: a black bear (heavily wounded, wandering, blind, hasn't noticed you, chance to confuse on hit: 53%)
You can't stand on top of the monster!
Aiming: Line Pass
Press: ? - help, Dir - move target, p - black bear The death yak appears confused.
The black bear appears confused.
You can no longer pass through a line of other dancers.
The white ugly thing is struck by your spines.
The white ugly thing tentacle-slaps you.
The white ugly thing freezes you!!
* * * LOW HITPOINT WARNING * * *
The black bear barely misses the death yak.
The black bear claws the death yak.
The black bear claws the death yak but does no damage.
The black bear bites itself.
The black bear claws itself but does no damage.
The black bear barely misses itself.
The white ugly thing attacks as you move away!
The white ugly thing is struck by your spines.
The white ugly thing barely misses you.
The black bear growls angrily.
The death yak is no longer blind.
You feel better.
The death yak seems less confused.
The white ugly thing is struck by your spines.
The white ugly thing tentacle-slaps you but does no damage.
The black bear bites the white ugly thing.
The black bear barely misses the white ugly thing.
The black bear claws the white ugly thing but does no damage.
Okay, then.
Okay, then.
The air fills with toxic fumes!
As you read the scroll labelled GAQYNU ZYSO, it crumbles to dust.
It was a scroll of poison.
Your hands stop glowing.
The black bear seems less confused.
The white ugly thing tentacle-slaps you.
* * * LOW HITPOINT WARNING * * *
The white ugly thing freezes you!
You die...

####.#### ## ##+#######
#.......# #. #........#
#.....§.# #. #..).....#
#....§§.# #. #........#
#...§§§.# #. #........#
#..§§§§.# #. #........#
#.§§l§§.+ #.
#..>.....######§§§§§§.#
+.
#........##hu@§§§§§§§.#
#.
#.....§§§§Y§###§§§§§§.#
#. #.....§§§####
#.###§§.## #.
#######'## #.##..$..##
#. ##.# ###...h...# ##
###..# #..P..P.# #...##
#.........# #####'###
#..........#####
#.......#
#.....u......#..


You could see a death yak, a white ugly thing, a black bear (wandering, blind)
and a wyvern.

Vanquished Creatures
  An orc warlord (Bailey)
  4 two-headed ogres
  A death yak (D:10)
  4 orc knights
  An efreet (D:11)
  2 trolls
  4 polar bears (D:10)
  3 slime creatures (D:10)
  A hornet (D:10)
  A shadow (D:11)
  A vampire (D:11)
  A wyvern (D:9)
  9 yaks
  2 unseen horror simulacra (D:10)
  A basilisk (D:11)
  Menkaure (D:5)
  3 acid dragons
  A water moccasin (D:6)
  A sky beast (D:6)
  17 orc warriors
  3 ice beasts (D:10)
  A black bear (D:5)
  A wolf (D:10)
  5 ogres
  A centaur (D:9)
  4 kobold brigands
  A gnoll sergeant (D:9)
  2 bullfrogs
  2 scorpions (D:5)
  A wight (D:9)
  4 killer bees (D:9)
  2 electric eels (D:10)
  A howler monkey (D:9)
  2 hounds (D:6)
  2 jellies
  5 orc priests
  4 iguanas
  Natasha (thrice) (D:3)
  5 orc wizards
  Robin (D:2)
  19 gnolls
  13 adders
  A howler monkey simulacrum (D:10)
  3 white imps
  3 worms
  3 dart slugs
  35 orcs
  7 ball pythons
  6 bats
  4 endoplasms
  5 giant cockroaches
  23 goblins
  25 hobgoblins
  4 jackals
  5 quokkas
  6 frilled lizards
  28 kobolds
  9 rats
308 creatures vanquished.

Vanquished Creatures (others)
  An orc wizard (D:10)
1 creature vanquished.

Grand Total: 309 creatures vanquished

Notes
Turn   | Place    | Note
-------+----------+-------------------------------------------
     0 | D:1      | sizableburger the Demonspawn Brigand began the quest for
                  | the Orb.
     0 | D:1      | Reached XP level 1. HP: 16/16 MP: 1/1
   202 | D:1      | Gained mutation: You are partially covered in sharp spines.
                  | [demonic ancestry]
   202 | D:1      | Reached XP level 2. HP: 22/23 MP: 2/2
   796 | D:2      | Gained mutation: You regenerate a little health from kills.
                  | [demonic ancestry]
   796 | D:2      | Reached XP level 3. HP: 28/28 MP: 3/3
   935 | D:2      | Gained mutation: You are mostly covered in sharp spines.
                  | [demonic ancestry]
   935 | D:2      | Reached XP level 4. HP: 35/35 MP: 4/4
  1036 | D:2      | Learned a level 2 spell: Ensorcelled Hibernation
  1197 | D:2      | Noticed Robin
  1243 | D:2      | Killed Robin
  1534 | D:3      | Found an ornate altar of the Wu Jian Council.
  1605 | D:3      | Reached skill level 1 in Dodging
  1605 | D:3      | Reached XP level 5. HP: 41/41 MP: 4/6
  1649 | D:3      | Found a faded altar of an unknown god.
  1667 | D:3      | Reached skill level 1 in Spellcasting
  1667 | D:3      | Reached skill level 1 in Hexes
  1723 | D:3      | Noticed Natasha
  1731 | D:3      | Killed Natasha
  2412 | D:3      | Noticed Natasha
  2416 | D:3      | Killed Natasha
  2557 | D:3      | Noticed Natasha
  2565 | D:3      | Killed Natasha
  2566 | D:3      | Gained mutation: You are partially covered in molten
                  | scales. (AC +2) [demonic ancestry]
  2566 | D:3      | Reached XP level 6. HP: 47/47 MP: 8/8
  3220 | D:4      | Reached skill level 1 in Ice Magic
  3751 | D:5      | Entered Level 5 of the Dungeon
  3807 | D:5      | Gained mutation: You are mostly covered in molten scales.
                  | (AC +3) [demonic ancestry]
  3807 | D:5      | Reached XP level 7. HP: 52/52 MP: 9/9
  3840 | D:5      | Noticed Menkaure
  3851 | D:5      | Killed Menkaure
  3852 | D:5      | Reached skill level 5 in Short Blades
  4028 | D:5      | Reached skill level 4 in Stealth
  4066 | D:5      | Found a burning altar of Makhleb.
  4252 | D:5      | Found a staircase to the Ecumenical Temple.
  4269 | Temple   | Entered the Ecumenical Temple
  4301 | Temple   | Became a worshipper of Uskayaw the Reveller
  4329 | D:5      | Reached * piety under Uskayaw
  4469 | D:6      | Found a blossoming altar of Fedhas.
  4552 | D:6      | Reached ** piety under Uskayaw
  4553 | D:6      | Reached XP level 8. HP: 58/58 MP: 3/10
  4652 | D:6      | Reached *** piety under Uskayaw
  4656 | D:6      | Reached **** piety under Uskayaw
  4874 | D:6      | Reached skill level 5 in Stealth
  5660 | D:7      | Found Gailuwoe's Gadget Gallery.
  5742 | D:7      | Noticed a two-headed ogre
  5842 | D:7      | Reached skill level 1 in Invocations
  5971 | D:7      | Identified the +1 leather armour "Xyocyus" {Harm rPois}
  6003 | D:7      | Killed a two-headed ogre
  6004 | D:7      | Gained mutation: You have a pair of small antennae on your
                  | head. [demonic ancestry]
  6004 | D:7      | Reached XP level 9. HP: 46/64 MP: 6/12
  6184 | D:8      | Found a flagged portal.
  6192 | Bailey   | Entered a bailey
  6359 | Bailey   | Reached ***** piety under Uskayaw
  6365 | Bailey   | Reached skill level 5 in Hexes
  6502 | Bailey   | Noticed an orc warlord
  6502 | Bailey   | Noticed an orc knight
  6591 | Bailey   | Noticed an orc knight
  6618 | Bailey   | Killed an orc knight
  6619 | Bailey   | Reached skill level 5 in Fighting
  6619 | Bailey   | Reached skill level 5 in Invocations
  6699 | Bailey   | Noticed an orc knight
  6716 | Bailey   | Killed an orc knight
  6717 | Bailey   | Gained mutation: You are completely covered in sharp
                  | spines. [demonic ancestry]
  6717 | Bailey   | Reached XP level 10. HP: 51/76 MP: 10/14
  6744 | Bailey   | Killed an orc knight
  6763 | Bailey   | Identified the +1 cloak of Unlag {Dex+2}
  6986 | Bailey   | Reached skill level 11 in Stealth
  6986 | Bailey   | Reached XP level 11. HP: 81/81 MP: 16/16
  7059 | Bailey   | Killed an orc warlord
  7469 | D:9      | Noticed a two-headed ogre
  7478 | D:9      | Killed a two-headed ogre
  7548 | D:9      | Found an opulent altar of Gozag.
  7550 | D:9      | Noticed a two-headed ogre
  7557 | D:9      | Found an ancient bone altar of Kikubaaqudgha.
  7558 | D:9      | Killed a two-headed ogre
  7560 | D:9      | Found a radiant altar of Vehumet.
  7561 | D:9      | Found a hazy altar of Hepliaklqana.
  8487 | D:10     | Entered Level 10 of the Dungeon
  8488 | D:10     | Found Cheibriados's Comfort Zone.
  8489 | D:10     | Found a snail-covered altar of Cheibriados.
  8625 | D:10     | Noticed a death yak
  8633 | D:10     | Killed a death yak
  8683 | D:10     | Found a staircase to the Orcish Mines.
  9152 | D:10     | Reached XP level 12. HP: 92/92 MP: 19/19
  9469 | Orc:1    | Entered Level 1 of the Orcish Mines
 10140 | Orc:1    | Reached skill level 10 in Short Blades
 10140 | Orc:1    | Reached skill level 10 in Invocations
 10448 | Orc:2    | Entered Level 2 of the Orcish Mines
 10508 | Orc:2    | Noticed an ogre mage
 10611 | D:11     | Noticed a two-headed ogre
 10613 | D:11     | Killed a two-headed ogre
 10878 | D:11     | Learned a level 3 spell: Confusing Touch
 10914 | D:11     | Reached skill level 5 in Dodging
 11062 | D:11     | Identified the +11 long sword of Foul Odours {holy, rCorr}
 11212 | D:11     | Noticed a death yak
 11213 | D:11     | Found a staircase to the Lair.
 11262 | D:11     | Slain by a white ugly thing

Illustrated notes

Levels and vault maps discovered:
D:1:      dpeg_arrival_rooms_a, layout_rooms
D:2:      layout_basic, serial_forest, infiniplex_forest_lined_4_way,
          infiniplex_forest_lined_2, infiniplex_forest_lined_room_2,
          infiniplex_forest_straight_3, infiniplex_forest_lined_3,
          infiniplex_forest_corner_1, minmay_split_cup_large, uniq_robin
D:3:      minmay_bubble_buster, layout_basic, amcnicky_altar_gilded,
          nicolae_wu_jian_wuxing_cycle, shapermc_ecumenical_altar_starsandcircs,
          hangedman_decor_growths, uniq_natasha
D:4:      layout_cave_pods
D:5:      layout_rooms, kennysheep_mini_moat, minmay_temple_entry_glass,
          uniq_menkaure
D:6:      layout_basic, mainiacjoe_overflow_chevrons
D:7:      layout_loops_ring, minivault_4, nicolae_shop_gadgets
D:8:      layout_rooms, nicolae_sif_muna_condensation, dk_yredelemnul_ordeal,
          enter_bailey_2, st_stairs_2
D:9:      layout_loops_ring, grunt_gozag_statues, grunt_temple_overflow_open,
          nicolae_benzene_ring, kennysheep_generic_room_9
D:10:     layout_basic, orc_0_dummy, serial_ice, serial_ice_o, serial_ice_d,
          serial_ice_k, serial_ice_a, serial_ice_g, serial_ice_f, serial_ice_h,
          serial_ice_n, serial_ice_m, serial_ice_b, minmay_shop_chei
D:11:     layout_roguey, david_lair_generic
Temple:   minmay_temple_bridge_abc
Orc:1:    layout_diamond_mine, hellmonk_bongcloud_opening
Orc:2:    st_orc_open, layout_caves, uniq_josephine

Skill      XL: |  1  2  3  4  5  6  7  8  9 10 11 12 |
---------------+-------------------------------------+-----
Short Blades   | 2 3 4 5 6 8 9 10 | 10.3
Fighting       | 3 5 6 8 |  8.0
Dodging        | 1 2 3 5 |  5.2
Spellcasting   | 1 |  1.7
Hexes          | 1 2 3 4 5 |  5.3
Ice Magic      | 1 3 |  3.0
Stealth        | 4 5 11 | 11.3
Invocations    | 4 6 9 10 | 10.7
Throwing       | |  1.7

Action                   |  1- 3 |  4- 6 |  7- 9 | 10-12 || total
-------------------------+-------+-------+-------+-------++-------
Melee: Dagger            |    66 |       |       |       ||    66
       Short sword       |     2 |   122 |   186 |   305 ||   615
       Punch             |     1 |     4 |     2 |     8 ||    15
Throw: Dart              |    38 |    30 |    12 |    15 ||    95
       Javelin           |       |       |     1 |       ||     1
 Cast: Ensorcelled Hiber |       |     2 |    23 |     6 ||    31
       Confusing Touch   |       |       |       |     2 ||     2
Invok: Stomp             |       |       |       |     4 ||     4
       Line Pass         |       |       |       |     3 ||     3
Evoke: Wand              |       |       |     2 |     6 ||     8
       Phantom mirror    |       |       |       |     1 ||     1
  Use: Scroll            |     1 |     8 |     6 |     3 ||    18
       Potion            |       |       |     1 |     5 ||     6
 Stab: Sleeping          |     2 |    10 |    21 |    26 ||    59
       Distracted        |       |     1 |       |       ||     1
       Paralysed         |       |       |     7 |    19 ||    26
       Invisible         |       |       |     1 |       ||     1
       Confused          |       |       |       |     2 ||     2
Armor: Robe              |    21 |    25 |    21 |       ||    67
       Leather armour    |       |       |    18 |    57 ||    75
Dodge: Dodged            |    25 |    47 |    85 |   100 ||   257
Block: Other             |       |     6 |    34 |    54 ||    94
       Reflection        |       |       |     1 |     3 ||     4
